 Dungeon Crawl Stone Soup version 0.29.0-13-gc9e81de378 (webtiles) character file.

Game seed: 7758738337159446551

382 SnakkuSnakku7 the Shooter (level 7, -5/42 (44) HPs)
             Began as a Djinni Hunter on Sept 10, 2022.
             Was an Initiate of Dithmenos.
             Killed by a bolt of negative energy (25 damage)
             ... invoked by the anger of Yredelemnul
             ... on level 3 of the Dungeon.
             The game lasted 00:05:17 (3077 turns).

SnakkuSnakku7 the Shooter (Djinni Hunter)           Turns: 3077, Time: 00:05:22

HP:   -5/42 (44)    AC:  5    Str: 12    XL:     7   Next: 5%
Gold: 168           EV: 11    Int: 11    God:    Dithmenos [......] SH:  0 Dex: 18

rFire   + + .      SeeInvis .   a - +8 sling "Qeasah" {vorpal, rElec rC+ Str+2}
rCold   . . .      Faith    .   (no shield)
rNeg    . . .      Spirit   .   c - +0 leather armour
rPois   ∞          Reflect  .   A - +0 helmet
rElec   +          Harm     .   (no cloak)
rCorr   .          Rampage  .   g - +0 pair of gloves
Will    .....                   (boots unavailable)
Stlth   +.........              (no amulet)
HPRegen 0.14/turn               (no ring)
MPRegen 0.00/turn               (no ring)

@: flying, lightly drained
A: reduced essence, sickness immunity, fire resistance 2, cold vulnerability 1,
float, innate caster, HP casting, extra vitality 1
a: Renounce Religion


You were on level 3 of the Dungeon.
You worshipped Dithmenos.
Dithmenos was noncommittal.
You visited 2 branches of the dungeon, and saw 5 of its levels.

You collected 168 gold pieces.

Inventory:

Hand Weapons
 a - the +8 sling "Qeasah" (weapon) {vorpal, rElec rC+ Str+2}
   (You found it on level 3 of the Dungeon)

   Any ammunition fired from it inflicts extra damage upon your enemies.
   Str:       It affects your strength (+2).
   rC:        It protects you from cold.
   rElec:     It insulates you from electricity.
 w - a +0 shortbow
Armour
 c - a +0 leather armour (worn)
 g - a +0 pair of gloves (worn)
 q - a scarf of invisibility
 A - a +0 helmet (worn)
Jewellery
 u - a ring of wizardry
Scrolls
 b - a scroll of immolation
 h - a scroll of magic mapping {unknown}
 i - 2 scrolls of enchant weapon {unknown}
 l - 2 scrolls of teleportation
 m - a scroll of brand weapon
 p - a scroll of silence {unknown}
 v - a scroll of acquirement {unknown}
 x - 2 scrolls of vulnerability {unknown}
 y - 2 scrolls of fog {unknown}
 B - a scroll of enchant armour {unknown}
Potions
 d - a potion of flight {unknown}
 e - a potion of invisibility {unknown}
 f - 3 potions of haste {unknown}
 j - a potion of might
 k - a potion of brilliance
 n - 2 potions of ambrosia {unknown}
 o - 4 potions of curing {unknown}
 t - 3 potions of heal wounds
 z - a potion of lignification


   Skills:
 - Level 2.0(1.0) Fighting
 + Level 6.5(3.2) Ranged Weapons
 - Level 2.1(1.0) Dodging
 - Level 0.7(0.3) Stealth


You couldn't memorise any spells.
You knew the following spells:

 Your Spells              Type           Power      Damage    Failure   Level
a - Apportation           Tloc           0%         N/A       41%         1
b - Searing Ray           Conj           0%         2d4       56%         2
c - Gell's Gravitas       Tloc           0%         N/A       80%         3
Your spell library was empty.

Dungeon Overview and Level Annotations

Branches:
Dungeon (4/15)             Temple (1/1) D:4

Altars:
Ashenzari
Cheibriados
Dithmenos
Hepliaklqana
Makhleb
Uskayaw
Yredelemnul
The Shining One
Lugonu


Innate Abilities, Weirdness & Mutations

Your life essence is reduced to manifest your ancestor. (-10% HP)
You are immune to sickness and miasma.
You are immune to poison.
Your flesh is very heat resistant. (rF++)
You are vulnerable to cold. (rC-)
You float through the air rather than walking.
You learn spells naturally, not from books.
Your magical power is your life essence.
You have superior vitality. (+4 MHP)


Message History

Dithmenos accepts your kill. The scorpion completely misses you.
You shoot a sling bullet. The sling bullet hits the scorpion!
The scorpion is severely wounded.
The scorpion stings you!
The scorpion stings you but does no damage.
You are too injured to fight recklessly!
You are too injured to fight recklessly!
You are too injured to fight recklessly!
Unknown command.
Fire: a) +8 sling "Qeasah" {vorpal, rElec rC+ Str+2}
Press: ? - help, Q - select action, (/) - cycle Shift-Dir - straight line, f/p - scorpion
Aim: a scorpion (severely wounded, 68% to hit)
You shoot a sling bullet.
The sling bullet closely misses the scorpion.
The scorpion barely misses you.
Fire: a) +8 sling "Qeasah" {vorpal, rElec rC+ Str+2}
Press: ? - help, Q - select action, (/) - cycle Shift-Dir - straight line, f/p - scorpion
Aim: a scorpion (severely wounded, 68% to hit)
You shoot a sling bullet. The sling bullet hits the scorpion!
You kill the scorpion!
Dithmenos accepts your kill.
You see here 3 gold pieces.
Found 10 gold pieces.
A ball python comes into view.
The ball python moves out of view.
You see here a +2 pair of boots.
A goblin comes into view. It is wielding a +0 dagger.
Found a scroll labelled XAQIJE KUAXT.
The phantasmal warrior gestures at you.
The phantasmal warrior blinks!
There is an escape hatch in the ceiling here.
The goblin unwields a +0 dagger.
The goblin wields a +0 sling.
The goblin shoots a sling bullet.
The sling bullet hits you. A mysterious force pulls you upwards.
The hatch slams shut behind you.
Reactivating autopickup.
Yredelemnul's anger turns toward you for a moment.
The bolt of negative energy hits you!!
You feel drained.
Ouch! That really hurt!
You die...

.........................#.#
....................###..#.#
...............#......#..#.#
...............#.####.#..#.#
............####.# #.####.#
......#....<.....####.####.#
......#......#.....(....##.#
........................##.#
......####.#....@.......##.#
.........|.................#
........................####
.............>..........#
.####...................#
...##..............######
........#..........#
........#..........#
........#..........#


You could see the anger of Yredelemnul (unaware).

Vanquished Creatures
  A phantom (D:4)
  A scorpion (D:4)
  A bullfrog zombie (D:4)
  A hound (D:4)
  A jelly (D:4)
  2 scorpion zombies (D:4)
  2 hound zombies (D:4)
  Robin (D:3)
  A howler monkey skeleton (D:4)
  4 adders
  2 adder skeletons (D:4)
  An adder zombie (D:4)
  3 dart slugs
  An orc (D:4)
  8 ball pythons
  A bat (D:2)
  11 endoplasms
  10 giant cockroaches
  14 goblins
  9 hobgoblins
  2 jackals (D:1)
  4 frilled lizards
  8 kobolds
  2 rats
91 creatures vanquished.

Vanquished Creatures (others)
  A withered plant (D:4)
1 creature vanquished.

Grand Total: 92 creatures vanquished

Notes
Turn   | Place    | Note
-------+----------+-------------------------------------------
     0 | D:1      | SnakkuSnakku7 the Djinni Hunter began the quest for the
                  | Orb.
     0 | D:1      | Reached XP level 1. HP: 18/18 MP: 0/0
   152 | D:1      | Reached XP level 2. HP: 23/23 MP: 0/0
   503 | D:1      | Reached skill level 4 in Ranged Weapons
   503 | D:1      | Reached XP level 3. HP: 27/28 MP: 0/0
   503 | D:1      | Learned a level 1 spell: Apportation
  1421 | D:2      | Reached XP level 4. HP: 33/33 MP: 0/0
  1970 | D:3      | Found a basalt altar of Yredelemnul.
  1995 | D:3      | Became a worshipper of Yredelemnul the Dark
  1996 | D:3      | Fell from the grace of Yredelemnul
  2162 | D:3      | Identified the +8 sling "Qeasah" {vorpal, rElec rC+ Str+2}
  2225 | D:3      | Found a burning altar of Makhleb.
  2377 | D:3      | Reached XP level 5. HP: 38/38 MP: 0/0
  2377 | D:3      | Learned a level 2 spell: Searing Ray
  2388 | D:3      | Reached skill level 5 in Ranged Weapons
  2388 | D:3      | Noticed Robin
  2395 | D:3      | Killed Robin
  2647 | D:4      | Noticed a phantom
  2657 | D:4      | Killed a phantom
  2658 | D:4      | Reached XP level 6. HP: 37/43 MP: 0/0
  2662 | D:4      | Reached skill level 6 in Ranged Weapons
  2836 | D:4      | Reached XP level 7. HP: 49/49 MP: 0/0
  2836 | D:4      | Learned a level 3 spell: Gell's Gravitas
  2856 | D:4      | Found a staircase to the Ecumenical Temple.
  2888 | Temple   | Entered the Ecumenical Temple
  2899 | Temple   | Became a worshipper of Ashenzari the Shackled
  2900 | Temple   | Fell from the grace of Ashenzari
  2903 | Temple   | Became a worshipper of Hepliaklqana the Forgotten
  2904 | Temple   | Fell from the grace of Hepliaklqana
  2917 | Temple   | Became a worshipper of Dithmenos the Shadowed
  2930 | Temple   | Noticed a phantasmal warrior
  2930 | Temple   | Noticed a vampire
  3037 | D:4      | Noticed a phantasmal warrior
  3040 | D:4      | Found a hide-covered altar of Uskayaw.
  3040 | D:4      | Noticed a +0 hand axe
  3040 | D:4      | Noticed a +0 dagger
  3077 | D:3      | Killed by a bolt of negative energy

Illustrated notes

Levels and vault maps discovered:
D:1:      roderic_dead_forest, layout_loops_ring, minmay_split_cup_large
D:2:      layout_loops_corners, minmay_worlds_worst_comb
D:3:      layout_basic, mainiacjoe_overflow_surrounded_room,
          mainiacjoe_overflow_six_doors_small, nicolae_titane, uniq_robin
D:4:      layout_rooms, pdpol_wu_jian_five_deadly_venoms,
          dancing_weapons_uskayaw, temple_pool_b, serial_undead,
          serial_undead_c, serial_undead_b, serial_undead_a, serial_undead_d,
          serial_undead_a, serial_undead_c, serial_undead_e, serial_undead_f,
          serial_undead_c, serial_undead_e, kennysheep_generic_room_5
Temple:   corrupted_temple

Skill      XL: |  1  2  3  4  5  6 |
---------------+-------------------+-----
Ranged Weapons | 4 5 6 |  6.5
Fighting       | |  2.0
Dodging        | |  2.1
Stealth        | |  0.7

Action                   |  1- 3 |  4- 6 |  7- 9 || total
-------------------------+-------+-------+-------++-------
 Fire: Shortbow          |   111 |    42 |       ||   153
       Sling             |       |    87 |    32 ||   119
Invok: Renounce Religion |       |     1 |     2 ||     3
  Use: Scroll            |       |     1 |     8 ||     9
Armor: Leather armour    |    15 |    18 |    10 ||    43
Dodge: Dodged            |    50 |    35 |    14 ||    99
